 Dungeon Crawl Stone Soup version 0.19-b1-4-gd8a0a2a (webtiles) character file.

1369 sleepydude the Shield-Bearer (level 8, -12/74 HPs)
             Began as a Deep Dwarf Fighter on Oct 31, 2016.
             Killed from afar by Drazool's ghost (19 damage)
             ... with an orb of energy
             ... on level 6 of the Dungeon.
             The game lasted 00:17:22 (4536 turns).

sleepydude the Shield-Bearer (Deep Dwarf Fighter)   Turns: 4536, Time: 00:17:23

Health: -12/74     AC: 13    Str: 25    XL:     8   Next: 38%
Magic:  4/4        EV:  9    Int: 10    God:
Gold:   275        SH:  0    Dex: 12    Spells: 0 memorised, 7 levels left

rFire  . . .     SeeInvis +     y - +2 flail (holy)
rCold  . . .     Gourm    .     u - +0 chain mail
rNeg   . . .     Faith    .     c - +0 shield
rPois  .         Spirit   .     i - +1 helmet {SInv}
rElec  .         Reflect  .     w - +0 cloak
rCorr  .         Harm     .     (no gloves)
MR     +....                    (no boots)
Stlth  ..........               (no amulet)
                                (no ring)
                                o - +4 ring of strength

@: confused, non-regenerating
A: damage resistance, recharge devices, sense surroundings 1, slow regeneration
3
a: Device Recharging


You were on level 6 of the Dungeon.
You were not hungry.

You visited 1 branch of the dungeon, and saw 6 of its levels.
You also visited: Sewer.

You collected 275 gold pieces.

Inventory:

Hand Weapons
 y - a +2 flail of holy wrath (weapon)
Armour
 c - a +0 shield (worn)
 i - a +1 helmet of see invisible (worn)
 u - a +0 chain mail (worn)
 w - a +0 cloak (worn)
Jewellery
 o - a +4 ring of strength (left hand)
Wands
 e - a wand of heal wounds (5/9)
Scrolls
 g - 7 scrolls of identify {@r1}
 k - 3 scrolls of remove curse {@r2}
 m - a scroll of noise {unknown}
 q - a scroll of fog {unknown}
 r - a scroll of amnesia {unknown}
 s - a scroll of teleportation
Potions
 d - 2 potions of ambrosia
 h - a potion of berserk rage {unknown}
 l - a potion of resistance {unknown}
 n - a potion of cancellation {unknown}
 p - 5 potions of flight {unknown}
 t - 4 potions of curing {unknown}
 v - a potion of mutation {unknown}
Comestibles
 b - 5 fruits
 f - 4 bread rations
 j - 4 meat rations


   Skills:
 + Level 5.1 Fighting
 + Level 5.0 Maces & Flails
 + Level 5.6 Armour
 + Level 4.8 Dodging
 + Level 6.0 Shields


You had 7 spell levels left.
You didn't know any spells.

Dungeon Overview and Level Annotations

Branches:
Dungeon (6/15)
 Temple: D:4-7

Altars:
Ashenzari
Fedhas
Gozag
Kikubaaqudgha
Trog
Vehumet

Annotations:
D:6 Drazool's ghost, novice TeCj


Innate Abilities, Weirdness & Mutations

You are resistant to damage.
You can recharge devices by infusing magical energy.
You passively map a small area around you.
You do not regenerate.


Message History

You bump into the rock wall.
Drazool's ghost casts a spell at you. The spray of energy hits you!
* * * LOW HITPOINT WARNING * * *
You are more confused.
Evoke which item? (* to show all) (? for menu, Esc to quit)
Zapping:
e - a wand of heal wounds (6/9)
Press: ? - help, Shift-Dir - straight line, f - you Nothing appears to happen.
This wand has 5 charges left.
Drazool's ghost gestures at you while chanting.
The spray of energy misses you.
You barely miss Drazool's ghost.
Drazool's ghost is almost destroyed.
Drazool's ghost gestures at you while chanting.
The orb of energy misses you.
The orb of energy explodes!
You hear a shout!
You bump into the rock wall.
Drazool's ghost casts a spell at you. The orb of energy hits you!
You die...

* * , , ** *
######### #.......#
* ###.......########
...............@.#
,, #.......######W#
, , ####.......#
#o#* , *
..##.......# #o# ,
..##.......## * ...
, ...+...........
... ,
#..#.......####.....
,, , ,, #...########
.)... *, , #.#.# *,
#...... , ,


You could see Drazool's ghost and 2 orcs.

Vanquished Creatures
  Edmund (D:4)
  A sky beast (D:5)
  An orc warrior (D:5)
  An ice beast (D:5)
  An ogre (D:4)
  A big kobold (Sewer)
  A gnoll sergeant (D:5)
  A scorpion (D:6)
  2 crimson imps
  2 centaur skeletons
  3 orc priests
  An orc wizard (D:5)
  A bullfrog skeleton (D:4)
  Natasha (twice) (D:2)
  3 worker ants
  Robin (D:2)
  5 gnolls
  2 river rats (D:3)
  7 adders
  2 worms
  2 dart slugs
  8 leopard geckos
  21 orcs
  A ball python (D:2)
  6 giant cockroaches
  17 goblins
  12 hobgoblins
  10 jackals
  10 kobolds
  11 bats
  4 frilled lizards
  11 rats
152 creatures vanquished.

Vanquished Creatures (others)
  A hound skeleton (D:3)
  A kobold (D:3)
2 creatures vanquished.

Grand Total: 154 creatures vanquished

Notes
Turn   | Place    | Note
-------+----------+-------------------------------------------
     0 | D:1      | sleepydude the Deep Dwarf Fighter began the quest for the Orb.
     0 | D:1      | Reached XP level 1. HP: 20/20 MP: 1/1
   215 | D:1      | Reached XP level 2. HP: 18/27 MP: 2/2
   389 | D:1      | Reached XP level 3. HP: 19/33 MP: 3/3
   621 | D:2      | Noticed Robin
   644 | D:2      | Reached skill level 4 in Shields
   680 | D:2      | Killed Robin
   851 | D:2      | Noticed Natasha
   864 | D:2      | Killed Natasha
   864 | D:2      | Reached skill level 1 in Dodging
   864 | D:2      | Reached XP level 4. HP: 42/42 MP: 4/4
   975 | D:2      | Noticed Natasha
   984 | D:2      | Killed Natasha
  1098 | D:2      | Reached XP level 5. HP: 33/49 MP: 5/5
  1441 | D:3      | Found a radiant altar of Vehumet.
  1737 | D:3      | Found a glowing drain.
  1746 | Sewer    | Entered a sewer
  1826 | Sewer    | Reached XP level 6. HP: 42/56 MP: 6/6
  1866 | Sewer    | Found a glowing silver altar of Zin.
  2560 | D:4      | Reached skill level 5 in Shields
  2610 | D:4      | Reached XP level 7. HP: 27/64 MP: 6/6
  2666 | D:4      | Found a shattered altar of Ashenzari.
  2788 | D:4      | Noticed Edmund
  2822 | D:4      | Killed Edmund
  2853 | D:4      | Found a bloodstained altar of Trog.
  2853 | D:4      | Found a blossoming altar of Fedhas.
  2854 | D:4      | Found an ancient bone altar of Kikubaaqudgha.
  3246 | D:5      | Entered Level 5 of the Dungeon
  3304 | D:5      | Reached skill level 5 in Armour
  3480 | D:5      | Found an opulent altar of Gozag.
  3901 | D:5      | Reached XP level 8. HP: 35/73 MP: 5/5
  4161 | D:5      | Reached skill level 5 in Fighting
  4252 | D:5      | Reached skill level 5 in Maces & Flails
  4252 | D:5      | Reached skill level 6 in Shields
  4517 | D:6      | Noticed Drazool's ghost (novice TeCj)
  4536 | D:6      | Killed from afar by Drazool's ghost

Skill      XL: |  1  2  3  4  5  6  7  8 |
---------------+-------------------------+-----
Fighting       | 3 4 5 |  5.1
Shields        | 4 5 6 |  6.0
Dodging        | 1 2 3 4 |  4.8
Maces & Flails | 3 4 5 |  5.0
Armour         | 4 5 |  5.6

Action                   |  1- 3 |  4- 6 |  7- 9 || total
-------------------------+-------+-------+-------++-------
Melee: Flail             |   182 |   292 |   221 ||   695
 Abil: Device Recharging |       |     1 |     3 ||     4
Evoke: Wand              |     3 |     3 |     8 ||    14
  Use: Potion            |     1 |       |       ||     1
       Scroll            |       |       |     6 ||     6
 Stab: Distracted        |     1 |       |       ||     1
  Eat: Chunk             |       |     6 |     3 ||     9
       Royal jelly       |       |       |     1 ||     1
       Fruit             |       |       |     1 ||     1
       Pizza             |       |       |     1 ||     1
Armor: Scale mail        |   113 |    92 |       ||   205
       Chain mail        |       |    28 |    85 ||   113
Dodge: Dodged            |    82 |   124 |    75 ||   281
Block: Shield            |   113 |   200 |   117 ||   430
